 Dungeon Crawl Stone Soup version 0.29-a0-234-g0dae59b3db (webtiles) character file.

Game seed: 8257800732398016269

144 sammy202020 the Skirmisher (level 5, 0/64 HPs)
             Began as a Demonspawn Berserker on Mar 3, 2022.
             Was a Believer of Trog.
             Slain by a gnoll
             ... wielding a +0 halberd of venom
              (5 damage)
             ... on level 3 of the Dungeon.
             The game lasted 00:05:05 (2736 turns).

sammy202020 the Skirmisher (Demonspawn Berserker)   Turns: 2736, Time: 00:05:05

Health: 0/64       AC:  9    Str: 19    XL:     5   Next: 5%
Magic:  5/5        EV: 10    Int:  9    God:    Trog [**....]
Gold:   200        SH:  0    Dex: 12    Spells: 4/4 levels left

rFire   . . .      SeeInvis +   a - +1 mace
rCold   . . .      Faith    .   (no shield)
rNeg    . . .      Spirit   .   j - +1 scale mail
rPois   .          Reflect  .   (no helmet)
rElec   .          Harm     .   n - +0 cloak
rCorr   .          Rampage  .   (no gloves)
Will    ++...                   (no boots)
Stlth   ..........              (no amulet)
HPRegen 1.20/turn               c - ring of see invisible
MPRegen 0.09/turn               h - +4 ring of slaying

@: berserking, lethally poisoned (0 -> -7), strong-willed, regenerating, very
quick
A: rugged brown scales 1, ignite blood 1, powered by pain 2
a: Renounce Religion, Berserk, Trog's Hand


You were on level 3 of the Dungeon.
You worshipped Trog.
Trog was pleased with you.
You visited 1 branch of the dungeon, and saw 3 of its levels.

You collected 200 gold pieces.

Inventory:

Hand Weapons
 a - a +1 mace (weapon)
 o - a +0 flail
Armour
 d - a scarf of invisibility
 j - a +1 scale mail (worn)
 n - a +0 cloak (worn)
Jewellery
 c - a ring of see invisible (left hand)
 h - a +4 ring of slaying (right hand)
Scrolls
 e - a scroll of noise
 g - a scroll of enchant weapon
 l - a scroll of identify
 m - a scroll of fog {unknown}
 q - a scroll of vulnerability {unknown}
Potions
 b - a potion of lignification
 f - a potion of curing {unknown}
 i - 2 potions of heal wounds {unknown}
 k - 2 potions of brilliance {unknown}
 p - a potion of invisibility {unknown}
 r - a potion of magic {unknown}


   Skills:
 + Level 3.8 Fighting
 + Level 3.5 Maces & Flails
 + Level 2.8 Armour
 + Level 2.8 Dodging


You had 4 spell levels left.
You didn't know any spells.
Your spell library was empty.

Dungeon Overview and Level Annotations

Branches:
Dungeon (3/15)

Altars:


Innate Abilities, Weirdness & Mutations

You are partially covered in rugged brown scales. (AC +1, +3% HP)
Your demonic aura sometimes causes spilled blood to erupt in flames.
You sometimes gain power by taking damage.


Message History

There is a stone staircase leading down here.
You see here a book of Vapours.
A gnoll comes into view. It is wielding a +0 spear.
The gnoll shouts!
You hear a shout!
The gnoll moves out of view.
A gnoll comes into view. It is wielding a +0 halberd of venom.
A gnoll comes into view. It is wielding a +0 halberd.
The gnoll shouts! x2
A gnoll comes into view. It is wielding a +0 halberd.
The gnoll shouts!
A hobgoblin comes into view.
The gnoll hits you with a +0 spear! The gnoll hits you but does no damage.
You closely miss the gnoll. The gnoll hits you but does no damage.
You are poisoned.
The gnoll hits you from afar with a +0 halberd!
The gnoll hits you but does no damage. The gnoll barely misses you.
You feel very sick. The gnoll completely misses you.
The gnoll hits you but does no damage.
You feel sick. The gnoll barely misses you.
You feel sick.
You feel sick.
You feel sick.
Your skin crawls.
You feel strong-willed.
You feel sick.
The gnoll hits you from afar with a +0 halberd of venom!
* * * LOW HITPOINT WARNING * * *
You are more poisoned.
A red film seems to cover your vision as you go berserk!
You feel yourself moving faster!
You feel mighty!
You feel very sick.
The gnoll hits you from afar with a +0 halberd of venom.
* * * LOW HITPOINT WARNING * * *
You are lethally poisoned!
You feel a strong urge to attack something.
* * * LOW HITPOINT WARNING * * *
You feel very sick. The gnoll hits you but does no damage.
The gnoll hits you with a +0 halberd of venom.
You die...

### #.. #.# #######
#.#########
###.....#####g.........
#........:.@gg......#
#.#.#....####g#####.#
#.#.#.#.#####.#
#.#...........#
#.###..######## #.#
#......# #.# ##.###.#
#.# #.# #.# #.# #.# #.#
#


You could see 3 gnolls and a hobgoblin.

Vanquished Creatures
  An orc priest (D:3)
  Crazy Yiuf (D:2)
  4 adders
  A worm (D:3)
  A dart slug (D:3)
  3 orcs (D:3)
  4 ball pythons
  3 bats
  2 endoplasms (D:2)
  A giant cockroach (D:1)
  2 goblins (D:2)
  2 hobgoblins (D:2)
  7 kobolds (D:1)
  A quokka (D:1)
  3 frilled lizards
  12 rats
  A bush (D:1)
49 creatures vanquished.

Vanquished Creatures (others)
  9 plants (D:1)
9 creatures vanquished.

Grand Total: 58 creatures vanquished

Notes
Turn   | Place    | Note
-------+----------+-------------------------------------------
     0 | D:1      | sammy202020 the Demonspawn Berserker began the quest for
                  | the Orb.
     0 | D:1      | Reached XP level 1. HP: 18/18 MP: 1/1
   421 | D:1      | Gained mutation: You sometimes gain a little power by
                  | taking damage. [demonic ancestry]
   421 | D:1      | Reached XP level 2. HP: 24/24 MP: 2/2
  1525 | D:2      | Reached ** piety under Trog
  1526 | D:2      | Gained mutation: You sometimes gain power by taking damage.
                  | [demonic ancestry]
  1526 | D:2      | Reached XP level 3. HP: 29/29 MP: 3/3
  1725 | D:2      | Found a faded altar of an unknown god.
  1812 | D:2      | Found a runed translucent door.
  1813 | D:2      | Noticed Crazy Yiuf
  1822 | D:2      | Killed Crazy Yiuf
  1823 | D:2      | Gained mutation: Your demonic aura sometimes causes spilled
                  | blood to erupt in flames. [demonic ancestry]
  1823 | D:2      | Reached XP level 4. HP: 19/35 MP: 4/4
  2413 | D:3      | Gained mutation: You are partially covered in rugged brown
                  | scales. (AC +1, +3% HP) [demonic ancestry]
  2413 | D:3      | Reached XP level 5. HP: 37/43 MP: 5/5
  2736 | D:3      | Slain by a gnoll

Illustrated notes

Levels and vault maps discovered:
D:1:      matt_arrival_grand_opening, layout_loops_cross,
          lexackson_kobold_supper
D:2:      layout_rooms, hellmonk_ecumenical_altar_run_dry,
          uniq_crazy_yiuf_cottage
D:3:      layout_loops_ring, minivault_23, hex_tiny

Skill      XL: |  1  2 |
---------------+-------+-----
Dodging        | 2 |  2.8
Armour         | 2 |  2.8
Maces & Flails | 3 |  3.5
Fighting       | |  3.8

Action                   |  1- 3 |  4- 6 || total
-------------------------+-------+-------++-------
Melee: Mace              |   165 |    36 ||   201
       Punch             |     2 |       ||     2
Invok: Berserk           |     2 |     1 ||     3
       Trog's Hand       |       |     1 ||     1
  Use: Scroll            |     4 |     2 ||     6
Armor: Ring mail         |    15 |       ||    15
       Scale mail        |    22 |    24 ||    46
Dodge: Dodged            |    51 |    19 ||    70

Table legend: (Time is in decaauts)
 A = Elapsed time spent in this place.
 B = Non-inter-level travel time spent in this place.
 C = Inter-level travel time spent in this place.
 D = Time resting spent in this place.
 E = Time spent auto-exploring this place.
 F = Levels seen in this place.
 G = Mean time per level.
                   A        B        C        D        E       F      G
               +--------+--------+--------+--------+--------+-----+--------+
         Total |   2809 |   2711 |     98 |      0 |   2153 |   3 |  936.3 |
       Dungeon |   2809 |   2711 |     98 |      0 |   2153 |   3 |  936.3 |
               +--------+--------+--------+--------+--------+-----+--------+

Top non-repeatable levels by time:
     D:1: 1422 daAuts
     D:3: 700 daAuts
     D:2: 686 daAuts
